 Dungeon Crawl Stone Soup version 0.26-a0-64-g059e62fbdb (webtiles) character file.

Game seed: 9899927053019429212

6608 inmateoo the Covert (level 10, -3/56 HPs)
             Began as a Felid Transmuter on June 11, 2020.
             Was an Elder of Makhleb.
             Killed from afar by a manticore (16 damage)
             ... with a volley of spikes
             ... on level 11 of the Dungeon.
             The game lasted 00:30:29 (17460 turns).

inmateoo the Covert (Felid Transmuter)             Turns: 17460, Time: 00:30:29

Health: -3/56      AC:  6    Str:  6    XL:     10   Next: 71%
Magic:  0/21       EV: 14    Int: 18    God:    Makhleb [****..]
Gold:   648        SH:  0    Dex: 17    Spells: 8/23 levels left
                                        Lives:  0   Deaths: 3

rFire    x . .     SeeInvis +     - Unarmed
rCold    + + +     Gourm    .   (shield unavailable)
rNeg     . . .     Faith    .   (armour unavailable)
rPois    +         Spirit   +   (helmet unavailable)
rElec    .         Reflect  .   (cloak unavailable)
rCorr    +         Harm     .   (gloves unavailable)
MR       ++...                  (boots unavailable)
Stlth    ++++......             t - amulet of guardian spirit
HPRegen  0.18/turn              j - ring of protection from magic
MPRegen  0.17/turn              E - ring of resist corrosion

@: ice-form, barbed spikes
A: large, no armour, no weapons or thrown items, stealth, see invisible,
carnivore, slow metabolism 1
a: End Transformation, Minor Destruction, Lesser Servant of Makhleb, Major
Destruction, Renounce Religion


You were on level 11 of the Dungeon.
You worshipped Makhleb.
Makhleb was greatly pleased with you.
You were completely stuffed.
You were a creature of crystalline ice.
You visited 2 branches of the dungeon, and saw 15 of its levels.
You also visited: Sewer, Ossuary and Gauntlet.

You collected 648 gold pieces.

Inventory:

Missiles
 a - 104 arrows
Jewellery
 j - a ring of protection from magic (left front paw)
 t - an amulet of guardian spirit (around neck)
 v - the ring of Cheibriados's Reproof {*Tele MR+ Str+8 Int-3 Dex+4}
   (You took it off a minotaur in a Gauntlet)

   [ring of teleportation]

   It may teleport you next to monsters.
   It affects your strength (+8).
   It affects your intelligence (-3).
   It affects your dexterity (+4).
   It affects your resistance to hostile enchantments.
 E - a ring of resist corrosion (right front paw)
Wands
 f - a wand of acid (4)
 y - a wand of digging (12)
 B - a wand of flame (15)
 C - a wand of polymorph (16)
 D - a wand of clouds (10)
Scrolls
 b - 4 scrolls of blinking
 d - 6 scrolls of amnesia
 e - 6 scrolls of teleportation
 h - 4 scrolls of remove curse
 k - 2 scrolls of fog
 r - 2 scrolls of vulnerability
 z - 2 scrolls of identify
Potions
 g - 2 potions of ambrosia
 i - a potion of berserk rage
 l - 2 potions of might
 m - 3 potions of flight
 n - a potion of brilliance
 o - a potion of magic
 p - 2 potions of stabbing
 q - 2 potions of haste
 s - a potion of resistance
 u - 2 potions of mutation
 w - 2 potions of curing
 x - 2 potions of cancellation
Miscellaneous
 A - a box of beasts
 F - a phial of floods
Comestibles
 c - 25 rations
 G - 7 chunks of flesh


   Skills:
 + Level 7.4 Fighting
 - Level 7.0 Dodging
 - Level 9.0 Stealth
 + Level 8.2 Unarmed Combat
 + Level 7.0 Spellcasting
 - Level 8.0 Transmutations
 - Level 4.0 Ice Magic
 - Level 4.0 Poison Magic
 + Level 2.2 Invocations


You had 8 spell levels left.
You knew the following spells:

 Your Spells              Type           Power        Failure   Level  Hunger
a - Beastly Appendage     Tmut           #####.       1%          1    None
b - Sticks to Snakes      Tmut           #####...     1%          2    None
c - Spider Form           Tmut/Pois      ####......   2%          3    ##.....
d - Ice Form              Ice/Tmut       ####....     9%          4    ####...
e - Blade Hands           Tmut           #####.....   11%         5    #####..

Your spell library contained the following spells:

 Spells                   Type           Power        Failure   Level  Hunger
 Slow                     Hex            #.......     16%         2    None
 Petrify                  Tmut/Erth      ###.....     21%         4    ####...
 Confusing Touch          Hex            #.......     32%         3    ##.....
 Gell's Gravitas          Tloc           #.........   32%         3    ##.....
 Inner Flame              Hex/Fire       #.......     32%         3    ##.....
 Tukima's Dance           Hex            #.......     32%         3    ##.....
 Irradiate                Conj/Tmut      ###.......   50%         5    #####..
 Yara's Violent Unravell  Hex/Tmut       ###.......   50%         5    #####..
 Leda's Liquefaction      Hex/Erth       #.........   71%         4    ####...
 Metabolic Englaciation   Hex/Ice        ##........   78%         5    #####..


Dungeon Overview and Level Annotations

Branches:
Dungeon (14/15)            Temple (1/1) D:5            Lair (0/6) D:10
    Orc (0/2) D:9           Sewer (visited)         Ossuary (visited)
Gauntlet (visited)
 Vaults: D:13-14

Altars:
Ashenzari
Dithmenos
Fedhas
Gozag
Kikubaaqudgha
Makhleb
Nemelex Xobeh
Okawaru
Qazlal
Ru
Sif Muna
Trog
Uskayaw
Vehumet
Wu Jian
Xom
Yredelemnul

Shops:
D:9 [


Innate Abilities, Weirdness & Mutations

You cannot wear armour.
You are incapable of wielding weapons or throwing items.
Your paws allow you to move quietly. (Stealth)
((You have sharp claws.))
((You have razor-sharp teeth.))
You have supernaturally acute eyesight. (SInv)
You are carnivorous and can eat meat at any time.
((You cover ground quickly.))
((You are covered in thick fur. (AC +2)))
You have a slow metabolism.
((Your sharp claws are effective at attacking unaware monsters.))


Message History

The volley of spikes hits your ball python!!
Your ball python dies!
Your ball python barely misses the manticore.
Unknown command.
Your adder bites the manticore.
The manticore is poisoned.
Your adder poisons the manticore!
Your ball python barely misses the manticore.
Your ball python bites the manticore but does no damage.
The manticore flicks its tail.
The volley of spikes hits your adder!
Your adder dies!
Unknown command.
Casting: Ice Form (dangerous; 9% risk of failure)
Confirm with . or Enter, or press ? or * to list all spells.
You create 2 snakes!
You now have 104 arrows.
Your ball python bites the manticore but does no damage. x2
The manticore flicks its tail.
The volley of spikes hits you!!
The barbed spikes become lodged in your body.
You die...

*******##########################
,,,,,,,,.........................
,,,,,,***#.......................
,,,,,,* #........S..........รท...
,,,,,,* #......Y..........<.....
,,,,,,* #(....S....###.........>
,,,,,,* #....#H....# #..........
,,,,,,* #....SS....# #..........
,,,,,,* #.....S....# #..........
,,,,,,***#..........###..........
,,,,,,^,.........................
,,,,###################+####.....
,,,,#.............#*,,,,,,,#.####


You could see a manticore (poisoned), a friendly water moccasin, a friendly
adder and 3 friendly ball pythons.

Vanquished Creatures
  A minotaur (Gauntlet)
  Harold (D:7)
  2 death yaks (D:10)
  2 two-headed ogres
  A glowing orange brain (Gauntlet)
  An unseen horror (D:10)
  Joseph (D:7)
  Maggie (D:9)
  2 shadows (Gauntlet)
  Sigmund (D:3)
  A wyvern (D:8)
  2 wraiths
  Eustachio (D:4)
  A water moccasin (D:5)
  5 orc warriors
  A necrophage (D:9)
  4 ogres
  3 centaurs
  3 big kobolds
  6 bullfrogs
  A gnoll sergeant (D:7)
  A wyvern skeleton (D:14)
  A scorpion (D:7)
  3 killer bees (D:11)
  A howler monkey (D:10)
  6 wights
  2 electric eels (D:14)
  3 crimson imps
  3 hounds
  A bullfrog skeleton (D:6)
  9 orc priests
  A gnoll shaman (D:4)
  6 jellies
  9 orc wizards
  5 worker ants
  A hell rat (D:10)
  A big kobold zombie (Ossuary)
  A hound zombie (D:6)
  2 hound skeletons
  2 mummies (Ossuary)
  A howler monkey zombie (D:8)
  6 gnolls
  9 adders
  2 river rats (D:10)
  A shadow imp (D:6)
  2 oozes
  5 worms
  A dart slug (D:2)
  13 leopard geckos
  28 orcs
  2 bats
  14 giant cockroaches
  8 goblins
  11 hobgoblins
  14 jackals
  12 kobolds
  6 quokkas
  4 ball pythons
  4 frilled lizards
  2 gnoll zombies (Ossuary)
  4 goblin zombies (Ossuary)
  A hobgoblin zombie (Ossuary)
  5 kobold zombies (Ossuary)
  An orc zombie (Ossuary)
  A quokka skeleton (D:6)
  14 rats
270 creatures vanquished.

Vanquished Creatures (collateral kills)
  A death yak (D:10)
  A troll (D:9)
  Purgy (D:3)
  An orc warrior (D:9)
  A necrophage (D:9)
  A crocodile (D:11)
  2 bullfrogs
  A jelly (D:7)
  A mummy (Ossuary)
  A gnoll (D:7)
  An ooze (D:1)
  A dart slug (D:5)
  3 orcs
  A goblin (D:2)
  2 hobgoblins (D:3)
  A bat (D:1)
  A hobgoblin zombie (Ossuary)
  A kobold (D:2)
  A kobold zombie (Ossuary)
23 creatures vanquished.

Vanquished Creatures (others)
  A fungus (Gauntlet)
  2 plants (Gauntlet)
3 creatures vanquished.

Grand Total: 296 creatures vanquished

Notes
Turn   | Place    | Note
-------+----------+-------------------------------------------
     0 | D:1      | inmateoo the Felid Transmuter began the quest for the Orb.
     0 | D:1      | Reached XP level 1. HP: 9/9 MP: 4/4
   623 | D:1      | Reached XP level 2. HP: 9/12 MP: 4/6
   638 | D:1      | Learned a level 2 spell: Sticks to Snakes
   761 | D:1      | Reached skill level 1 in Stealth
  1441 | D:1      | Reached XP level 3. HP: 15/15 MP: 7/7
  2691 | D:2      | Found a sparkling altar of Nemelex Xobeh.
  2693 | D:2      | Found a basalt altar of Yredelemnul.
  2694 | D:2      | Found a bloodstained altar of Trog.
  2704 | D:2      | Reached XP level 4. HP: 18/19 MP: 8/8
  3064 | D:2      | Slain by a worm
  3065 | D:2      | Reached XP level 3. HP: -3/16 MP: 7/7
  3070 | D:2      | Learned a level 3 spell: Spider Form
  3523 | D:2      | Reached skill level 2 in Stealth
  4492 | D:3      | Reached XP level 4. HP: 19/19 MP: 8/8
  4552 | D:3      | Noticed Purgy
  4647 | D:3      | Found a hide-covered altar of Uskayaw.
  4820 | D:3      | Noticed Sigmund
  4835 | D:3      | Killed Sigmund
  4835 | D:3      | Reached skill level 3 in Stealth
  4835 | D:3      | Reached XP level 5. HP: 9/23 MP: 6/10
  5191 | D:3      | Found a glowing drain.
  5195 | Sewer    | Entered a sewer
  5669 | Sewer    | Gained mutation: You are covered in thick fur. (AC +2)
                  | [Felid growth]
  5669 | Sewer    | Reached XP level 6. HP: 19/27 MP: 9/11
  5686 | Sewer    | Found a white marble altar of Elyvilon.
  6112 | D:3      | Found a blossoming altar of Fedhas.
  6484 | D:3      | Killed Purgy
  6484 | D:3      | Reached skill level 1 in Poison Magic
  6849 | D:4      | Found a sacrificial altar of Ru.
  7039 | D:4      | Reached skill level 4 in Stealth
  7054 | D:4      | Noticed Eustachio
  7091 | D:4      | Killed Eustachio
  7091 | D:4      | Reached XP level 7. HP: 22/31 MP: 9/13
  7741 | D:5      | Entered Level 5 of the Dungeon
  8500 | D:5      | Reached skill level 5 in Stealth
  8500 | D:5      | Reached XP level 8. HP: 34/34 MP: 14/14
  9034 | D:5      | Found a staircase to the Ecumenical Temple.
  9056 | Temple   | Entered the Ecumenical Temple
  9120 | Temple   | Became a worshipper of Makhleb the Destroyer
  9246 | D:6      | Reached skill level 5 in Unarmed Combat
  9330 | D:6      | Learned a level 4 spell: Ice Form
  9416 | D:6      | Reached skill level 5 in Transmutations
  9917 | D:7      | Found a sand-covered staircase.
 10074 | Ossuary  | Entered an ossuary
 10137 | Ossuary  | Reached * piety under Makhleb
 10378 | Ossuary  | Reached skill level 6 in Stealth
 10378 | Ossuary  | Reached skill level 1 in Ice Magic
 10957 | D:7      | Slain by a bullfrog
 10958 | D:7      | Reached XP level 7. HP: -4/33 MP: 0/14
 11028 | D:7      | Noticed Harold
 11050 | D:7      | Reached XP level 8. HP: 16/36 MP: 2/15
 11054 | D:7      | Killed Harold
 11054 | D:7      | Reached skill level 5 in Fighting
 11054 | D:7      | Reached skill level 5 in Dodging
 11121 | D:7      | Reached ** piety under Makhleb
 11499 | D:7      | Noticed Joseph
 11575 | D:7      | Reached XP level 9. HP: 14/41 MP: 2/17
 11816 | D:7      | HP: 3/61 [acid (12)]
 11819 | D:7      | Killed Joseph
 11819 | D:7      | Reached skill level 7 in Stealth
 11819 | D:7      | Reached skill level 5 in Spellcasting
 12508 | D:7      | Found a shadowy altar of Dithmenos.
 12785 | D:8      | Found a radiant altar of Vehumet.
 13186 | D:8      | Reached *** piety under Makhleb
 13418 | D:9      | Found Fannaoha's Antique Armour Shop.
 13576 | D:9      | Found a staircase to the Orcish Mines.
 13600 | D:9      | Noticed a troll
 13648 | D:9      | Killed a troll
 14012 | D:9      | Found an opulent altar of Gozag.
 14058 | D:9      | Noticed Maggie
 14078 | D:9      | Killed Maggie
 14078 | D:9      | Reached XP level 10. HP: 39/46 MP: 8/19
 14402 | D:9      | Reached skill level 8 in Stealth
 14759 | D:10     | Entered Level 10 of the Dungeon
 14981 | D:10     | Noticed an unseen horror
 14987 | D:10     | Noticed a two-headed ogre
 15004 | D:10     | Noticed a death yak
 15005 | D:10     | Noticed a death yak
 15017 | D:10     | Noticed a death yak
 15017 | D:10     | Killed an unseen horror
 15026 | D:10     | Killed a two-headed ogre
 15029 | D:10     | Killed a death yak
 15042 | D:10     | Killed a death yak
 15042 | D:10     | Reached skill level 9 in Stealth
 15050 | D:10     | HP: 2/70 [death yak (14)]
 15051 | D:10     | Slain by a wraith
 15052 | D:10     | Reached XP level 9. HP: 0/96 MP: 0/19
 15276 | D:10     | Killed a death yak
 15440 | D:10     | Found a staircase to the Lair.
 15577 | D:10     | Learned a level 5 spell: Blade Hands
 15998 | D:11     | Found a gate leading to a gauntlet.
 16010 | D:11     | Reached **** piety under Makhleb
 16048 | Gauntlet | Entered a Gauntlet
 16048 | Gauntlet | Found a transporter.
 16048 | Gauntlet | Found a transporter.
 16053 | Gauntlet | Found a transporter.
 16055 | Gauntlet | Found a transporter.
 16063 | Gauntlet | Found a transporter.
 16073 | Gauntlet | Found a transporter.
 16073 | Gauntlet | Found a transporter.
 16073 | Gauntlet | Noticed an entropy weaver
 16077 | Gauntlet | Noticed a glowing orange brain
 16097 | Gauntlet | Found a transporter.
 16100 | Gauntlet | Noticed a white ugly thing
 16104 | Gauntlet | Found a transporter.
 16116 | Gauntlet | Found a transporter.
 16116 | Gauntlet | Noticed a wizard
 16134 | Gauntlet | Found a transporter.
 16155 | Gauntlet | Noticed a catoblepas
 16156 | Gauntlet | Found the +2 ratskin cloak {+Rats rPois rN+ Str-1 Int-1
                  | Dex+1}
 16156 | Gauntlet | Found a transporter.
 16166 | Gauntlet | Noticed a gargoyle
 16186 | Gauntlet | Noticed a gargoyle
 16202 | Gauntlet | Found a transporter.
 16217 | Gauntlet | Noticed a queen ant
 16218 | Gauntlet | Found a transporter.
 16318 | Gauntlet | Found a transporter.
 16336 | Gauntlet | Found a transporter.
 16336 | Gauntlet | Noticed a soul eater
 16455 | Gauntlet | Reached XP level 10. HP: 47/47 MP: 15/20
 16520 | Gauntlet | Killed a glowing orange brain
 16621 | Gauntlet | Identified the ring of Cheibriados's Reproof {*Tele MR+
                  | Str+8 Int-3 Dex+4}
 16621 | Gauntlet | Noticed a minotaur
 16632 | Gauntlet | Killed a minotaur
 16632 | Gauntlet | Reached skill level 1 in Invocations
 16675 | Gauntlet | Identified the Reference Book on Mutagenic Execration
 16754 | D:11     | Noticed a two-headed ogre
 16863 | D:11     | Killed a two-headed ogre
 16874 | D:11     | Noticed a two-headed ogre
 16886 | D:11     | You fall into a shaft and drop 3 floors!
 17445 | D:11     | Noticed a manticore
 17460 | D:11     | Killed from afar by a manticore

Illustrated notes

Levels and vault maps discovered:
D:1:      giann_forest_graveyard, layout_loops_corners
D:2:      layout_basic, chequers_temple_overflow_statue_of_worship,
          first_ration, hangedman_feature_mirror,
          chequers_serial_rivers_micro_a, kennysheep_donut
D:3:      layout_loops_ring, eat_drink_and_be_merry_uskayaw,
          gup_sewer_entry_spiral, roderic_st_hans_cross, minmay_misc_feat_rows,
          fedhas_altar_4, uniq_purgy, uniq_sigmund
D:4:      layout_loops_cross, lemuel_round_altar, uniq_eustachio
D:5:      layout_basic, minmay_temple_entry_offerings
D:6:      layout_rooms, minivault_11, mrwooster_statue_mirror, minmay_between
D:7:      layout_basic, grunt_dithmenos_smoke_and_mirrors,
          lightli_ossuary_entry_decrepit_ruins, uniq_joseph, uniq_harold
D:8:      layout_basic, fiery_altar_vehumet
D:9:      layout_stronghold, lemuel_round_altar, orc_0_dummy, serial_shops,
          nicolae_shop_stone, blue_anna_alchemist [blue_anna_fruit_fields,
          blue_anna_fruit_fields], uniq_maggie
D:10:     layout_small_grid, dpeg_lair_monsters, minmay_puff
D:11:     layout_stronghold, gauntlet_entry_generic
D:12:     layout_basic, serial_glass, glass_columns_b, glass_columns_a,
          uniq_erolcha
D:13:     layout_basic, david_vaults_4, serial_curves, eino_curves_03,
          eino_curves_03, basic_altar, gammafunk_ghost_mausoleum,
          kennysheep_generic_room_8
D:14:     layout_loops_ring, kennysheep_cross_room, drop_trap,
          hangedman_decor_clover_reticule, kennysheep_flooded_box,
          kennysheep_generic_room_11
Temple:   eino_temple_water

Skill      XL: |  1  2  3  4  5  6  7  8  9 10 |
---------------+-------------------------------+-----
Dodging        | 3 4 5 6 7 |  7.0
Stealth        | 1 2 3 4 5 6 7 9 |  9.0
Transmutations | 3 4 5 6 8 |  8.0
Fighting       | 2 3 5 6 7 |  7.4
Unarmed Combat | 4 5 6 8 |  8.2
Spellcasting   | 3 4 5 7 |  7.0
Poison Magic   | 2 3 4 |  4.0
Ice Magic      | 2 3 4 |  4.0
Invocations    | 2 |  2.2

Action                   |  1- 3 |  4- 6 |  7- 9 | 10-12 || total
-------------------------+-------+-------+-------+-------++-------
Melee: Unarmed           |   155 |   140 |   517 |   142 ||   954
       Headbutt          |    15 |     1 |     1 |       ||    17
       Bite              |    11 |     3 |    26 |     7 ||    47
       Punch             |     4 |     1 |     4 |     6 ||    15
 Cast: Beastly Appendage |    15 |     4 |     1 |       ||    20
       Sticks to Snakes  |     5 |     9 |    28 |    18 ||    60
       Spider Form       |     1 |     9 |    31 |     3 ||    44
       Ice Form          |       |       |     3 |     1 ||     4
       Blade Hands       |       |       |     1 |     1 ||     2
Invok: Lesser Servant of |       |       |     1 |       ||     1
 Abil: End Transformatio |       |       |     2 |     1 ||     3
Evoke: Wand              |       |       |     8 |    15 ||    23
  Use: Scroll            |     4 |     7 |    14 |     5 ||    30
       Potion            |       |     1 |     3 |     7 ||    11
 Stab: Sleeping          |    15 |     8 |    29 |     5 ||    57
       Distracted        |       |     1 |     2 |     2 ||     5
       Confused          |       |       |       |     5 ||     5
  Eat: Chunk             |    19 |     8 |    25 |     8 ||    60
Armor: Skin              |     5 |     5 |    31 |    27 ||    68
Dodge: Dodged            |   103 |   109 |   397 |   108 ||   717

Table legend:
 A = Non-vault XP
 B = Vault XP
 C = Vault XP percentage of total XP
 D = Non-vault monster count
 E = Vault monster count
 F = Vault count percentage of total count
                 A         B        C        D         E       F
            +---------+---------+-------+---------+---------+-------
      Total |    6632 |    8491 |  56.1 |     227 |      66 |  22.5
            +---------+---------+-------+---------+---------+-------
        D:1 |      57 |       0 |   0.0 |      29 |       0 |   0.0
        D:2 |     102 |       0 |   0.0 |      33 |       0 |   0.0
        D:3 |      52 |     325 |  86.2 |      17 |       9 |  34.6
        D:4 |     317 |     191 |  37.6 |      15 |       1 |   6.2
        D:5 |     629 |       0 |   0.0 |      24 |       0 |   0.0
        D:6 |     293 |     193 |  39.7 |       7 |       6 |  46.2
        D:7 |    1091 |    1475 |  57.5 |      34 |       2 |   5.6
        D:8 |     666 |       0 |   0.0 |      12 |       0 |   0.0
        D:9 |     774 |     513 |  39.9 |      14 |       2 |  12.5
       D:10 |     689 |    3019 |  81.4 |      14 |      13 |  48.1
       D:11 |    1282 |       0 |   0.0 |       9 |       0 |   0.0
       D:13 |     171 |       0 |   0.0 |       5 |       0 |   0.0
       D:14 |     509 |       0 |   0.0 |      14 |       0 |   0.0
      Sewer |       0 |     104 | 100.0 |       0 |       8 | 100.0
    Ossuary |       0 |     306 | 100.0 |       0 |      20 | 100.0
   Gauntlet |       0 |    2365 | 100.0 |       0 |       5 | 100.0
            +---------+---------+-------+---------+---------+-------
